TOP OF THE 1ST |
South Bend Cubs batting - Pitching for Atlanta (MID) Braves : RHP Josh Thomas
|
Pitching: RHP Josh Thomas
|
|
Batting: RHB Jason Ostrom
|
0-0: Ball 1-0: Ball 2-0: Ball 3-0: Called Strike 3-1: Foul Ball, location: 2F 3-2: Ground out 5-3 (Groundball, 56S, EV 89.4 MPH)
|
Batting: LHB Bill Tardiff
|
0-0: Ball 1-0: SINGLE (Line Drive, 78S, EV 93.8 MPH)
|
Batting: RHB Mike Savage
|
0-0: Ball 1-0: Ball Bill Tardiff steals 2nd base 2-0: Ground out 5-3 (Groundball, 56, EV 80.0 MPH)
|
Batting: LHB Mike DiNardo
|
0-0: Ball 1-0: Foul Ball, location: 2F 1-1: Foul Ball, location: 2F 1-2: Ball 2-2: Ground out U3 (Groundball, 3, EV 89.4 MPH)
|
Top of the 1st over - 0 runs, 1 hit, 0 errors, 1 left on base; South Bend 0 - Atlanta (MID) 0 |
BOTTOM OF THE 1ST |
Atlanta (MID) Braves batting - Pitching for South Bend Cubs : LHP Jose Carrillo
|
Pitching: LHP Jose Carrillo
|
|
Batting: SHB Brandon McClain
|
0-0: Called Strike 0-1: Foul Ball, location: 2F 0-2: Strikes out swinging
|
Batting: RHB Xavier Davis
|
0-0: Ball 1-0: Ball 2-0: Called Strike 2-1: Fly out, F7 (Flyball, 7D, EV 95.6 MPH)
|
Batting: RHB Joseph Kirchmann
|
0-0: Called Strike 0-1: Ball 1-1: Ball 2-1: Ball 3-1: Foul Ball, location: 2F 3-2: Foul Ball, location: 2F 3-2: Foul Ball, location: 2F 3-2: Foul Ball, location: 2F 3-2: Foul Ball, location: 2F 3-2: Ground out 3-1 (Groundball, 34S, EV 88.1 MPH)
|
Bottom of the 1st over - 0 runs, 0 hits, 0 errors, 0 left on base; South Bend 0 - Atlanta (MID) 0 |
TOP OF THE 2ND |
South Bend Cubs batting - Pitching for Atlanta (MID) Braves : RHP Josh Thomas
|
Batting: SHB Benoît Morin
|
0-0: Fly out, F7 (Flyball, 78D, EV 86.9 MPH)
|
Batting: LHB Jim Polson
|
0-0: Called Strike 0-1: Ball 1-1: Foul Ball, location: 2F 1-2: Ground out U3 (Groundball, 34S, EV 87.5 MPH)
|
Batting: RHB Omar Novoa
|
0-0: Called Strike 0-1: Called Strike 0-2: Strikes out swinging
|
Top of the 2nd over - 0 runs, 0 hits, 0 errors, 0 left on base; South Bend 0 - Atlanta (MID) 0 |
BOTTOM OF THE 2ND |
Atlanta (MID) Braves batting - Pitching for South Bend Cubs : LHP Jose Carrillo
|
Batting: RHB Corey Dalton
|
0-0: Ball 1-0: Foul Ball, location: 2F 1-1: Foul Ball, location: 2F 1-2: Ball 2-2: Strikes out swinging
|
Batting: RHB Yorkis Saiki
|
0-0: Ball 1-0: Ball 2-0: Swinging Strike 2-1: Ground out 3-1 (Groundball, 34D, EV 103.1 MPH)
|
Batting: LHB Travis Lazaro
|
0-0: Ball 1-0: Swinging Strike 1-1: Swinging Strike 1-2: Foul Ball, location: 2F 1-2: Foul Ball, location: 2F 1-2: TRIPLE (Groundball, 3L, EV 103.1 MPH)
|
Batting: LHB Mark Thomas
|
0-0: Ball 1-0: Called Strike 1-1: Swinging Strike 1-2: Strikes out swinging
|
Bottom of the 2nd over - 0 runs, 1 hit, 0 errors, 1 left on base; South Bend 0 - Atlanta (MID) 0 |
TOP OF THE 3RD |
South Bend Cubs batting - Pitching for Atlanta (MID) Braves : RHP Josh Thomas
|
Batting: RHB John Madden
|
0-0: Ball 1-0: Foul Ball, location: 2F 1-1: Called Strike 1-2: Ball 2-2: Strikes out swinging
|
Batting: SHB Alvaro Andrade
|
0-0: Called Strike 0-1: Ball 1-1: Ball 2-1: DOUBLE (Flyball, 7LD, EV 106.3 MPH)
|
Batting: RHB Jason Ostrom
|
0-0: Ball 1-0: Ball 2-0: Foul Ball, location: 2F 2-1: Foul Ball, location: 2F 2-2: Ball 3-2: SINGLE (Groundball, 6MS, EV 69.4 MPH) (infield hit) Alvaro Andrade to third
|
Batting: LHB Bill Tardiff
|
0-0: Called Strike 0-1: Ball Jason Ostrom is caught stealing 2nd base 2-6 1-1: Ball 2-1: Ground out U3 (Groundball, 34, EV 110.0 MPH)
|
Top of the 3rd over - 0 runs, 2 hits, 0 errors, 1 left on base; South Bend 0 - Atlanta (MID) 0 |
BOTTOM OF THE 3RD |
Atlanta (MID) Braves batting - Pitching for South Bend Cubs : LHP Jose Carrillo
|
Batting: RHB Nick Platt
|
0-0: Reached on error, E4 (Groundball, 4S, EV 91.9 MPH)
|
Batting: RHB Bobby Light
|
0-0: Foul Ball, location: 2F 0-1: Grounds into double play, 4-3-6 (Groundball, 34, EV 106.9 MPH)
|
Batting: SHB Brandon McClain
|
0-0: Ground out 6-3 (Groundball, 6M, EV 105.0 MPH)
|
Bottom of the 3rd over - 0 runs, 0 hits, 1 error, 0 left on base; South Bend 0 - Atlanta (MID) 0 |
TOP OF THE 4TH |
South Bend Cubs batting - Pitching for Atlanta (MID) Braves : RHP Josh Thomas
|
Batting: RHB Mike Savage
|
0-0: Ball 1-0: Swinging Strike 1-1: Foul Ball, location: 2F 1-2: Ball 2-2: Ball 3-2: Fly out, F9 (Flyball, 9S, EV 88.1 MPH)
|
Batting: LHB Mike DiNardo
|
0-0: Ball 1-0: Ball 2-0: Called Strike 2-1: Foul Ball, location: 2F 2-2: Ball 3-2: Strikes out looking
|
Batting: SHB Benoît Morin
|
0-0: Ball 1-0: Foul Ball, location: 2F 1-1: Ground out 6-3 (Groundball, 6, EV 110.6 MPH)
|
Top of the 4th over - 0 runs, 0 hits, 0 errors, 0 left on base; South Bend 0 - Atlanta (MID) 0 |
BOTTOM OF THE 4TH |
Atlanta (MID) Braves batting - Pitching for South Bend Cubs : LHP Jose Carrillo
|
Batting: RHB Xavier Davis
|
0-0: Ball 1-0: Ball 2-0: Called Strike 2-1: Ball 3-1: Base on Balls
|
Batting: RHB Joseph Kirchmann
|
0-0: Swinging Strike 0-1: Ball 1-1: Ball 2-1: Called Strike 2-2: SINGLE (Groundball, 25, EV 72.5 MPH) (infield hit) Xavier Davis to second
|
Batting: RHB Corey Dalton
|
0-0: Ball Xavier Davis steals 3rd base Joseph Kirchmann to second 1-0: Foul Ball, location: 2F 1-1: Called Strike 1-2: Foul Ball, location: 2F 1-2: Foul Ball, location: 2F 1-2: Ground out 6-3 (Groundball, 56, EV 94.4 MPH) Xavier Davis scores
|
Batting: RHB Yorkis Saiki
|
0-0: Ball 1-0: Ball 2-0: Swinging Strike 2-1: Ball 3-1: Foul Ball, location: 2F 3-2: Foul Ball, location: 2F 3-2: Strikes out swinging
|
Batting: LHB Travis Lazaro
|
0-0: Called Strike 0-1: Swinging Strike 0-2: Ground out 4-3 (Groundball, 4, EV 78.8 MPH)
|
Bottom of the 4th over - 1 run, 1 hit, 0 errors, 1 left on base; South Bend 0 - Atlanta (MID) 1 |
TOP OF THE 5TH |
South Bend Cubs batting - Pitching for Atlanta (MID) Braves : RHP Josh Thomas
|
Batting: LHB Jim Polson
|
0-0: Foul Ball, location: 2F 0-1: Ground out 6-3 (Groundball, 6M, EV 85.6 MPH)
|
Batting: RHB Omar Novoa
|
0-0: Called Strike 0-1: Swinging Strike 0-2: Ball 1-2: Strikes out swinging
|
Batting: RHB John Madden
|
0-0: Called Strike 0-1: SINGLE (Flyball, 56D, EV 85.6 MPH)
|
Batting: SHB Alvaro Andrade
|
0-0: Called Strike 0-1: Ball 1-1: Ball 2-1: Ground out 4-3 (Groundball, 4, EV 100.6 MPH)
|
Top of the 5th over - 0 runs, 1 hit, 0 errors, 1 left on base; South Bend 0 - Atlanta (MID) 1 |
BOTTOM OF THE 5TH |
Atlanta (MID) Braves batting - Pitching for South Bend Cubs : LHP Jose Carrillo
|
Batting: LHB Mark Thomas
|
0-0: Called Strike 0-1: Foul Ball, location: 2F 0-2: Strikes out looking
|
Batting: RHB Nick Platt
|
0-0: Ground out 6-3 (Groundball, 6, EV 77.5 MPH)
|
Batting: RHB Bobby Light
|
0-0: Ground out 6-3 (Groundball, 6, EV 88.8 MPH)
|
Bottom of the 5th over - 0 runs, 0 hits, 0 errors, 0 left on base; South Bend 0 - Atlanta (MID) 1 |
TOP OF THE 6TH |
South Bend Cubs batting - Pitching for Atlanta (MID) Braves : RHP Josh Thomas
|
Batting: RHB Jason Ostrom
|
0-0: Ball 1-0: Swinging Strike 1-1: Called Strike 1-2: Ball 2-2: Ball 3-2: Foul Ball, location: 2F 3-2: Foul Ball, location: 2F 3-2: SINGLE (Line Drive, 9S, EV 105.0 MPH)
|
Batting: LHB Bill Tardiff
|
0-0: Ball 1-0: Ball 2-0: Called Strike 2-1: Fielders Choice at 2nd, 1-4 (Groundball, 15S, EV 65.0 MPH)
|
Batting: RHB Mike Savage
|
0-0: Called Strike Bill Tardiff steals 2nd base 0-1: Ball 1-1: Swinging Strike 1-2: SINGLE (Flyball, 8LS, EV 95.0 MPH) Bill Tardiff to third
|
Batting: LHB Mike DiNardo
|
0-0: Called Strike 0-1: Ball Mike Savage steals 2nd base 1-1: Ball 2-1: Swinging Strike 2-2: Strikes out swinging
|
Batting: SHB Benoît Morin
|
0-0: Called Strike 0-1: Called Strike 0-2: Ball 1-2: Ground out 4-3 (Groundball, 4, EV 83.8 MPH)
|
Top of the 6th over - 0 runs, 2 hits, 0 errors, 2 left on base; South Bend 0 - Atlanta (MID) 1 |
BOTTOM OF THE 6TH |
Atlanta (MID) Braves batting - Pitching for South Bend Cubs : LHP Jose Carrillo
|
Batting: SHB Brandon McClain
|
0-0: Called Strike 0-1: Foul Ball, location: 2F 0-2: Foul Ball, location: 2F 0-2: Fly out, F8 (Flyball, 8RD, EV 91.3 MPH)
|
Batting: RHB Xavier Davis
|
0-0: Ball 1-0: Ball 2-0: SINGLE (Groundball, 6D, EV 103.1 MPH)
|
Batting: RHB Joseph Kirchmann
|
0-0: Ball 1-0: Called Strike Xavier Davis steals 2nd base 1-1: Foul Ball, location: 2F 1-2: Foul Ball, location: 2F 1-2: Ball 2-2: Ground out 6-3 (Groundball, 6, EV 86.3 MPH) Xavier Davis to third
|
Pitching: RHP Daniel Sullivan
|
|
Batting: RHB Corey Dalton
|
0-0: Ball 1-0: Ball 2-0: Ball 3-0: Called Strike 3-1: Base on Balls
|
Batting: RHB Yorkis Saiki
|
0-0: Called Strike 0-1: Ball 1-1: Ball 2-1: Foul Ball, location: 2F 2-2: Strikes out looking
|
Bottom of the 6th over - 0 runs, 1 hit, 0 errors, 2 left on base; South Bend 0 - Atlanta (MID) 1 |
TOP OF THE 7TH |
South Bend Cubs batting - Pitching for Atlanta (MID) Braves : RHP Josh Thomas
|
Batting: LHB Jim Polson
|
0-0: Called Strike 0-1: Ground out 6-3 (Groundball, 6S, EV 83.1 MPH)
|
Batting: RHB Omar Novoa
|
0-0: Ball 1-0: Reached via error on a dropped throw from 1B, E1 (Groundball, 34, EV 103.8 MPH)
|
Batting: RHB John Madden
|
0-0: Ball Omar Novoa is caught stealing 2nd base 2-4 1-0: DOUBLE (Line Drive, 89D, EV 106.3 MPH)
|
Batting: SHB Alvaro Andrade
|
0-0: Ball 1-0: Foul Ball, location: 2F 1-1: Foul Ball, location: 2F 1-2: Strikes out looking
|
Top of the 7th over - 0 runs, 1 hit, 1 error, 1 left on base; South Bend 0 - Atlanta (MID) 1 |
BOTTOM OF THE 7TH |
Atlanta (MID) Braves batting - Pitching for South Bend Cubs : RHP Daniel Sullivan
|
Batting: LHB Travis Lazaro
|
0-0: Called Strike 0-1: Ball 1-1: Swinging Strike 1-2: Strikes out swinging
|
Batting: LHB Mark Thomas
|
0-0: Ball 1-0: Ball 2-0: Foul Ball, location: 2F 2-1: Ball 3-1: Foul Ball, location: 2F 3-2: Base on Balls
|
Batting: RHB Nick Platt
|
0-0: Called Strike 0-1: Ball 1-1: Foul Ball, location: 2F 1-2: DOUBLE (Groundball, 5L, EV 101.9 MPH) Mark Thomas to third
|
Batting: RHB Bobby Light
|
0-0: Ball 1-0: Ball 2-0: Called Strike 2-1: Ball 3-1: DOUBLE (Flyball, 8LD, EV 103.8 MPH) Mark Thomas scores Nick Platt scores
|
Batting: SHB Brandon McClain
|
0-0: Ground out 3-1 (Groundball, 34S, EV 85.0 MPH) Bobby Light to third
|
Batting: RHB Xavier Davis
|
0-0: Called Strike 0-1: Ball 1-1: Foul Ball, location: 2F 1-2: Strikes out swinging
|
Bottom of the 7th over - 2 runs, 2 hits, 0 errors, 1 left on base; South Bend 0 - Atlanta (MID) 3 |
TOP OF THE 8TH |
South Bend Cubs batting - Pitching for Atlanta (MID) Braves : RHP Josh Thomas
|
Pitching: RHP Todd Cox
|
|
Batting: RHB Jason Ostrom
|
0-0: Ball 1-0: Foul Ball, location: 2F 1-1: Ball 2-1: Foul Ball, location: 2F 2-2: Ball 3-2: Strikes out looking
|
Batting: LHB Bill Tardiff
|
0-0: Foul Ball, location: 2F 0-1: Ball 1-1: Swinging Strike 1-2: SINGLE (Line Drive, 56, EV 108.1 MPH)
|
Batting: RHB Mike Savage
|
0-0: Ball 1-0: Ball 2-0: Ball 3-0: Base on Balls Bill Tardiff to second
|
Batting: LHB Mike DiNardo
|
0-0: Ball 1-0: Ball 2-0: Fielders Choice at 2nd, 1-4 (Groundball, 15, EV 66.3 MPH) Bill Tardiff to third
|
Batting: SHB Benoît Morin
|
0-0: Ball 1-0: Called Strike 1-1: Ball 2-1: SINGLE (Groundball, 4MD, EV 103.8 MPH) Bill Tardiff scores Mike DiNardo to second
|
Pitching: LHP Enrique Lopez
|
|
Batting: LHB Jim Polson
|
0-0: Swinging Strike 0-1: Swinging Strike 0-2: Ball Wild Pitch! Mike DiNardo to third Benoît Morin to second 1-2: Foul Ball, location: 2F 1-2: Foul Ball, location: 2F 1-2: Ball 2-2: Strikes out looking
|
Top of the 8th over - 1 run, 2 hits, 0 errors, 2 left on base; South Bend 1 - Atlanta (MID) 3 |
BOTTOM OF THE 8TH |
Atlanta (MID) Braves batting - Pitching for South Bend Cubs : RHP Daniel Sullivan
|
Batting: RHB Joseph Kirchmann
|
0-0: Ball 1-0: SOLO HOME RUN (Flyball, 78XD, EV 99.4 MPH), Distance : 411 ft
|
Pitching: RHP Eric Allen
|
|
Batting: RHB Corey Dalton
|
0-0: Ground out 6-3 (Groundball, 6S, EV 66.9 MPH)
|
Batting: RHB Yorkis Saiki
|
0-0: Called Strike 0-1: Called Strike 0-2: Ball 1-2: Foul Ball, location: 2F 1-2: Ball 2-2: Foul Ball, location: 2F 2-2: Foul Ball, location: 2F 2-2: SINGLE (Line Drive, 78M, EV 113.8 MPH)
|
Batting: LHB Travis Lazaro
|
0-0: Called Strike 0-1: Swinging Strike 0-2: Ball 1-2: Ball 2-2: Foul Ball, location: 2F 2-2: Strikes out swinging
|
Batting: LHB Mark Thomas
|
0-0: Swinging Strike 0-1: Foul Ball, location: 2F 0-2: Ball 1-2: Ball 2-2: Ball 3-2: Strikes out swinging
|
Bottom of the 8th over - 1 run, 2 hits, 0 errors, 1 left on base; South Bend 1 - Atlanta (MID) 4 |
TOP OF THE 9TH |
South Bend Cubs batting - Pitching for Atlanta (MID) Braves : LHP Enrique Lopez
|
Pitching: RHP Jeff Heaster
|
|
Batting: RHB Omar Novoa
|
0-0: SINGLE (Line Drive, 89S, EV 92.5 MPH)
|
Batting: RHB John Madden
|
0-0: Ball 1-0: Called Strike 1-1: Foul Ball, location: 2F 1-2: Strikes out swinging
|
Batting: SHB Alvaro Andrade
|
0-0: Ball 1-0: Fielders Choice at 2nd, 4-6 (Groundball, 4, EV 102.5 MPH)
|
Batting: RHB Jason Ostrom
|
0-0: Foul Ball, location: 2F 0-1: Foul Ball, location: 2F 0-2: Ball 1-2: Ball 2-2: SINGLE (Line Drive, 78S, EV 87.5 MPH) Alvaro Andrade to second
|
Batting: LHB Bill Tardiff
|
0-0: Foul Ball, location: 2F 0-1: Ball Passed Ball! Alvaro Andrade to third Jason Ostrom to second 1-1: Swinging Strike 1-2: Foul Ball, location: 2F 1-2: Foul Ball, location: 2F 1-2: Foul Ball, location: 2F 1-2: Foul Ball, location: 2F 1-2: DOUBLE (Line Drive, 9LS, EV 95.0 MPH) Alvaro Andrade scores Jason Ostrom scores
|
Batting: RHB Mike Savage
|
0-0: Fly out, F8 (Flyball, 8LM, EV 81.3 MPH)
|
Top of the 9th over - 2 runs, 3 hits, 0 errors, 1 left on base; South Bend 3 - Atlanta (MID) 4 |
|